 Dungeon Crawl Stone Soup version 0.23.2 (webtiles) character file.

Game seed: 15228384186880076133

364 Marnok the Twirler (level 6, -4/47 HPs)
             Began as a Demonspawn Gladiator on Apr 3, 2019.
             Killed by divine providence
             ... invoked by an orc priest
              (16 damage)
             ... on level 4 of the Dungeon.
             The game lasted 00:08:37 (3631 turns).

Marnok the Twirler (Demonspawn Gladiator)           Turns: 3631, Time: 00:08:38

Health: -4/47      AC:  6    Str: 15    XL:     6   Next: 39%
Magic:  6/6        EV: 13    Int:  9    God:
Gold:   219        SH:  0    Dex: 16    Spells: 5/5 levels left

rFire    . . .     SeeInvis .   a - +0 quarterstaff
rCold    . . .     Gourm    .   (shield currently unavailable)
rNeg     . . .     Faith    .   b - +0 leather armour
rPois    .         Spirit   .   (helmet restricted)
rElec    .         Reflect  .   (no cloak)
rCorr    .         Harm     .   s - +0 pair of gloves
MR       .....                  r - +1 pair of boots
Stlth    +++.......             (no amulet)
HPRegen  0.15/turn              (no ring)
MPRegen  0.10/turn              (no ring)

@: about to teleport
A: claws 1, horns 2, nightstalker 1
a: no special abilities


You were on level 4 of the Dungeon.
You were hungry.

You visited 1 branch of the dungeon, and saw 4 of its levels.

You collected 219 gold pieces.

Inventory:

Hand Weapons
 a - a +0 quarterstaff (weapon)
Missiles
 d - 3 throwing nets (quivered)
 g - 7 javelins
Armour
 b - a +0 leather armour (worn)
 r - a +1 pair of boots (worn)
 s - a +0 pair of gloves (worn)
Wands
 q - a wand of digging (6)
Scrolls
 e - 2 scrolls of fear
 h - a scroll of magic mapping
 i - 2 scrolls of noise
 j - 2 scrolls of identify
 k - a scroll of fog
 l - 2 scrolls of enchant armour
 m - 2 scrolls of enchant weapon
 n - a scroll of remove curse
 o - a scroll of blinking
Comestibles
 f - 6 rations


   Skills:
 + Level 3.1 Fighting
 + Level 4.7 Staves
 + Level 2.0 Throwing
 + Level 1.9 Armour
 + Level 3.3 Dodging
 + Level 2.2 Stealth


You had 5 spell levels left.
You didn't know any spells.
Your spell library was empty.

Dungeon Overview and Level Annotations

Branches:
Dungeon (4/15)
 Temple: D:4-7

Altars:
Kikubaaqudgha
Nemelex Xobeh
Xom
Yredelemnul
Zin


Innate Abilities, Weirdness & Mutations

You have sharp fingernails.
You have a pair of horns on your head.
You are slightly more attuned to the shadows.


Message History

You hit the orc but do no damage.
The orc is heavily wounded.
The orc barely misses you. The orc closely misses you.
You barely miss the orc.
The orc is heavily wounded.
The orc misses you.
The orc hits you from afar with a +0 trident.
A jackal comes into view.
The orc barely misses you.
You sock the orc!
You kill the orc!
The orc completely misses you. The orc barely misses you.
The orc priest calls down the wrath of Beogh upon you.
Beogh smites you!
* * * LOW HITPOINT WARNING * * *
As you read the scroll of teleportation, it crumbles to dust.
You feel strangely unstable. The orc barely misses you.
The orc priest mumbles some strange prayers to Beogh against you.
Beogh smites you!
You die... # # ......# .# ##### .....##.# ..... ....... ##### ..o.. ###### hoo

...... #o# .######
##@## ....... #...#
.###### #...# #
...... #...# #..
###### #...##
.##... # #....#
.##...######
####.##.##.........
#..#.......#รท###
##.#.##.........


You could see 2 orc priests, 2 orcs and a jackal.

Vanquished Creatures
  A bullfrog (D:4)
  2 hounds (D:4)
  Natasha (thrice) (D:2)
  A worker ant (D:4)
  A hound skeleton (D:4)
  5 adders
  5 worms (D:3)
  4 dart slugs
  2 leopard geckos
  An orc (D:4)
  2 ball pythons
  5 giant cockroaches
  8 goblins
  10 hobgoblins
  7 kobolds
  2 quokkas (D:3)
  4 bats
  3 frilled lizards
  5 rats (D:1)
71 creatures vanquished.

Notes
Turn   | Place    | Note
-------+----------+-------------------------------------------
     0 | D:1      | Marnok the Demonspawn Gladiator began the quest for the
                  | Orb.
     0 | D:1      | Reached XP level 1. HP: 16/16 MP: 1/1
   239 | D:1      | Gained mutation: You are slightly more attuned to the
                  | shadows. [demonic ancestry]
   239 | D:1      | Reached XP level 2. HP: 22/22 MP: 2/2
   396 | D:1      | Reached skill level 3 in Staves
   906 | D:1      | Gained mutation: You have a pair of small horns on your
                  | head. [demonic ancestry]
   906 | D:1      | Reached XP level 3. HP: 27/28 MP: 3/3
  1294 | D:2      | Noticed Natasha
  1305 | D:2      | Killed Natasha
  1443 | D:2      | Gained mutation: You have a pair of horns on your head.
                  | [demonic ancestry]
  1443 | D:2      | Reached XP level 4. HP: 34/34 MP: 4/4
  1508 | D:2      | Noticed Natasha
  1513 | D:2      | Killed Natasha
  1663 | D:2      | Found a glowing silver altar of Zin.
  1664 | D:2      | Found a basalt altar of Yredelemnul.
  1745 | D:2      | Noticed Natasha
  1758 | D:2      | Killed Natasha
  1758 | D:2      | Reached skill level 4 in Staves
  1758 | D:2      | Reached skill level 1 in Armour
  1758 | D:2      | Reached skill level 1 in Stealth
  2056 | D:2      | Reached XP level 5. HP: 40/40 MP: 5/5
  2334 | D:3      | Found a shimmering altar of Xom.
  2508 | D:3      | Found a shimmering altar of Xom.
  2559 | D:3      | Found a sparkling altar of Nemelex Xobeh.
  2786 | D:3      | Found an ancient bone altar of Kikubaaqudgha.
  3109 | D:4      | Gained mutation: You have sharp fingernails. [demonic
                  | ancestry]
  3109 | D:4      | Reached XP level 6. HP: 21/47 MP: 6/6
  3631 | D:4      | Killed from afar by an orc priest

Skill      XL: |  1  2  3  4  5 |
---------------+----------------+-----
Throwing       | 2 |  2.0
Dodging        | 3 |  3.3
Staves         | 3 4 |  4.7
Armour         | 1 |  1.9
Stealth        | 1 2 |  2.2
Fighting       | 3 |  3.1

Action                   |  1- 3 |  4- 6 || total
-------------------------+-------+-------++-------
Melee: Quarterstaff      |    73 |   138 ||   211
       Headbutt          |     3 |    23 ||    26
  Use: Scroll            |       |    12 ||    12
       Potion            |       |     1 ||     1
 Stab: Sleeping          |     3 |    13 ||    16
       Distracted        |       |     1 ||     1
  Eat: Chunk             |     2 |     6 ||     8
Armor: Leather armour    |    21 |    21 ||    42
Dodge: Dodged            |    54 |    96 ||   150
